omghax, neutral male scurrid Tourist ------ .... .... .... -... ... ---...- ..... ....-- ...... .!... ..... ...- .... -- ---...-- .| ...M....-- -- -@....<........- ..................| .................---- ...........?.....)...| ----------------------- omghax the Rambler Experience level: 1 Strength: 10 Dexterity: 8 Constitution: 14 Intelligence: 13 Wisdom: 12 Charisma: 18 Health: 0(9) Energy: 2(2) Def: 0 Gold: 249 Moves: 35 Dungeon seed: Z5uBLwRFRxdD1cHs Game ID: omghax_1498614526 Your Inventory: Coins $ - 249 gold pieces Weapons a - 48 uncursed +2 darts (in quiver) Armor e - an uncursed +0 Hawaiian shirt (being worn) Comestibles b - an uncursed pancake c - an uncursed food ration d - 3 uncursed cream pies f - 4 uncursed tripe rations g - an uncursed fortune cookie h - an uncursed tin of lichen Scrolls j - 4 uncursed scrolls of magic mapping o - an uncursed scroll of create monster Potions i - 2 uncursed potions of extra healing Wands m - an uncursed wand of secret door detection (0:11) Tools k - an uncursed expensive camera (0:71) l - an uncursed credit card n - an uncursed tin opener Spells and supernatural/magical abilities: Name Level Category Fail Memory W - pray for help -- divine ? -- Your skills at the end: Miscellaneous Skills wands [Basic] Weapon Skills dart [Basic] Spellcasting Skills Final Attributes: You were devoutly aligned. You had infravision. You were very stealthy. You are dead. Voluntary challenges: You went without food. You did not adorn yourself with jewelry or accessories. You did not cause conflict. You were not invisible. You did not have reflection. You were not displaced. You were an atheist. You never hit with a wielded weapon. You were a pacifist. You did not use tools. You did not use plumbed fixtures. You did not drink any magical draughts. You were illiterate. You never genocided any monsters. You never polymorphed an object. You never changed form. You used no wishes. You never split a pudding. You never wrote Elbereth's name. You never violated your personal moral code. Dungeon overview: The Dungeons of Doom: levels 1 to 14 Level 1 a long staircase Level 2 Level 3 Level 4 Level 5 an altar to Offler Level 6 Level 7 a fountain Level 8 Level 9 Level 10 Level 11 a fountain Level 12 Level 13 Level 14 <- You were here History has recorded: On T:1 you entered the Dungeons of Doom to retrieve the Amulet of Yendor! On T:5 you reached level 2 of The Dungeons of Doom. On T:7 you reached level 3 of The Dungeons of Doom. On T:10 you reached level 4 of The Dungeons of Doom. On T:12 you reached level 5 of The Dungeons of Doom. On T:14 you reached level 6 of The Dungeons of Doom. On T:16 you reached level 7 of The Dungeons of Doom. On T:19 you reached level 8 of The Dungeons of Doom. On T:21 you reached level 9 of The Dungeons of Doom. On T:23 you reached level 10 of The Dungeons of Doom. On T:27 you reached level 11 of The Dungeons of Doom. On T:29 you reached level 12 of The Dungeons of Doom. On T:31 you reached level 13 of The Dungeons of Doom. On T:34 you reached level 14 of The Dungeons of Doom. Score breakdown: Gold: 0 ( 0 points) Experience: 1 level ( 0 points) Exploration: 14 levels ( 390 points) Discoveries: 1 item ( 50 points) Variety of kills: 0 monsters ( 0 points) Major goal: (nothing yet) ( 0 points) Survival: died (score multiplied by 3) Total score: 1320 Latest messages: You start digging downward. You continue digging downward. You dig a pit in the floor. You continue digging downward. You dig a hole through the floor. You fall through... You start digging downward. You continue digging downward. You dig a pit in the floor. You continue digging downward. You dig a hole through the floor. You fall through... You start digging downward. You continue digging downward. You dig a pit in the floor. You continue digging downward. You dig a hole through the floor. You fall through... You start digging downward. You continue digging downward. You dig a pit in the floor. The orc mummy scratches you! You die... Final status: Aloha omghax the Tourist, killed by an orc mummy... You died in The Dungeons of Doom on dungeon level 14 with 1320 points, and 249 pieces of gold, after 35 moves. You were level 1 with a maximum of 9 hit points when you died.